[Event "Mongolian Championship Open 2022"]
[Site "Chingis Khentii"]
[Date "2022.05.20"]
[Round "8.2"]
[White "Battulga, Namkhai"]
[Black "Bilguun, Sumiya"]
[Result "1/2-1/2"]
[ECO "A31"]
[WhiteElo "2402"]
[BlackElo "2454"]
[Annotator "TA"]
[PlyCount "86"]
[EventDate "2022.05.12"]
[EventType "tourn"]
[EventCountry "MGL"]
[SourceTitle "playchess.com"]
[Source "ChessBase"]
[SourceQuality "1"]
[TimeControl "40/5400+30:1800+30"]

1. e4 c5 2. Nf3 e6 3. d4 cxd4 4. Nxd4 a6 5. c4 Nf6 6. Nc3 Qc7 7. a3 b6 8. Be3 Bb7 9. f3 d6 10. Be2 Nbd7 11. O-O Be7 12. Rc1 O-O 13. b4 Rac8 14. Nb3 Qb8 15. Qd2 Bd8 16. Rfd1 Ne5 {[%emt 0:12:28] A31: Symmetrical English: 2 Nf3 Nf6 3 d4.} 17. Na4 {[%emt 0:16:31] [#]} d5 $146 ({Predecessor:} 17... b5 18. cxb5 Rxc1 19. Qxc1 axb5 20. Nc3 d5 21. exd5 Bxd5 22. Nxd5 Nxd5 23. Bc5 Bb6 24. Kh1 {1-0 (46) Balla,T (2381)-Rachela,M (2364) Hungary 2012}) 18. exd5 exd5 {[%emt 0:00:28] White is better.} 19. c5 ({Reject} 19. Nxb6 $6 Bxb6 20. Bxb6 dxc4 $11) (19. Bxb6 $6 dxc4 20. Nd4 Re8 $11) (19. cxd5 $6 Rxc1 20. Rxc1 Nxd5 $11) 19... b5 20. Nb6 Bxb6 21. cxb6 Nc4 22. Bxc4 bxc4 (22... dxc4 $16 23. Nc5 Rfd8) 23. Bf4 $18 Qa8 24. Nc5 ({Better is} 24. Nd4 $18) 24... Rc6 $16 25. Bc7 Qc8 26. Qd4 {[%emt 0:00:57] White is much more active. The black rooks are badly placed.} Nd7 (26... Ne8 $16) 27. Nxd7 $18 Qxd7 {[%emt 0:00:07] [#]} 28. Rxc4 $3 Re6 (28... Rxc4 29. Qxc4) 29. Rcc1 Qb5 30. Qd3 $4 {[%emt 0:01:49][%mdl 8192] [#]} (30. Rc5 $18 Qa4 31. Ra1) 30... Qd7 (30... Re1+ $1 $19 {[%mdl 512] and all is fine.} 31. Rxe1 Qxd3) 31. b5 (31. Bg3 $18 {is more deadly. Hoping for Rc7.} Rc6 32. Rc5 Rxc5 33. bxc5) 31... axb5 $16 32. Qd4 Ra8 33. Bg3 $1 {[%emt 0:02:37][%cal Bc7g3,Bg3f2,Bf2d4][%mdl 32] Rc7 is the strong threat.} Ra4 {[%emt 0:03:38] [#]} (33... Rc6 $16) 34. Qc5 $2 ({Only move:} 34. Qxd5 $1 $18 Qxd5 35. Rxd5) 34... Rc4 $14 35. Rxc4 bxc4 36. Bf2 {[%emt 0:00:15][%cal Oc5c4] Threatens to win with Qxc4!} Qa4 37. Ra1 h6 38. Qc7 Qa8 39. Bd4 Rc6 40. Qg3 ({White should play} 40. Qe5 $1 $14 Qf8 41. a4 (41. Qxd5 c3 $11)) 40... Rg6 (40... f6 $11 {keeps the balance.}) 41. Qc7 {[%emt 0:05:14] aiming for Re1.} Rc6 $1 42. Qg3 (42. Qe5 $5 Qf8 43. a4 $14 (43. Qxd5 c3 $11)) 42... Rg6 43. Qc7 (43. Qe5 $16) 43... Rc6 $1 {[%emt 0:35:10] White really could win this.  Weighted Error Value: White=0.47/Black=0.43} 1/2-1/2

[Event "Mongolian Championship Open 2022"]
[Site "Chingis Khentii"]
[Date "2022.05.20"]
[Round "8.3"]
[White "Boldoo, Erdenepurev"]
[Black "Agibileg, Uurtsaikh"]
[Result "0-1"]
[ECO "E97"]
[WhiteElo "2371"]
[BlackElo "2440"]
[Annotator "TA"]
[PlyCount "76"]
[EventDate "2022.05.12"]
[EventType "tourn"]
[EventCountry "MGL"]
[SourceTitle "playchess.com"]
[Source "ChessBase"]
[SourceQuality "1"]
[TimeControl "40/5400+30:1800+30"]

1. d4 Nf6 2. c4 g6 3. Nc3 Bg7 4. e4 d6 5. Nf3 O-O 6. Be2 e5 7. O-O Nc6 8. d5 Ne7 9. Nd2 a5 10. a3 Nd7 11. Rb1 f5 12. b4 Kh8 13. Nb3 axb4 {[%emt 0:02:39] E97: King's Indian: Classical Main Line (6...e5 7 0-0 Nc6): 8 Be3 and 8 d5 Ne7, not 9 Ne1.} 14. axb4 Nf6 15. f3 f4 {[%emt 0:01:28] White is slightly better.} 16. c5 h5 {[%emt 0:00:24] [#]} 17. b5 $146 ({Predecessor:} 17. Bd2 g5 18. Be1 Ng6 19. b5 b6 20. c6 g4 21. Ra1 Rxa1 22. Qxa1 Bh6 23. Nd1 {0-1 (40) Vachier Lagrave,M (2778)-Grischuk,A (2777) Chess.com INT 2020}) 17... b6 18. c6 ({White should try} 18. cxd6 $14 cxd6 19. Bb2) 18... g5 $11 19. Kf2 g4 20. Ke1 Bh6 (20... Ng6 $5 ) 21. Kd2 h4 22. h3 (22. Rg1 $11 {keeps the balance.}) 22... gxh3 $17 23. gxh3 Rg8 $1 ({Don't play} 23... Bxh3 $6 24. Rh1 Qc8 25. Qe1 $11) 24. Rh1 Rg2 25. Kc2 {[%emt 0:02:55] [#]} Qg8 $1 {[%emt 0:03:55][%cal Oe7d5] White must now prevent ...Nexd5!} 26. Bd2 {[%emt 0:01:27] [#] Now White is beyond hope.} ({Only move:} 26. Kb2 $1 $15) 26... Nexd5 $1 $19 27. exd5 Bf5+ 28. Kb2 Bxb1 (28... Nxd5 29. Nxd5 Qxd5 30. Rg1 Rxg1 31. Qxg1 $17) 29. Qxb1 (29. Kxb1 $17 Nxd5 30. Nc1) 29... Nxd5 30. Qe4 (30. Qd3 {is a better defense.} Nxc3 31. Bxc3) 30... Nxc3 31. Bxc3 {[%emt 0:00:10] [#]} Bg7 $1 {[%emt 0:00:07] aiming for ...d5. The board is on fire.} 32. Nc1 $2 (32. Re1) 32... d5 33. Qd3 (33. Qf5 $142 d4 34. Qh5+ Qh7 35. Qxh7+ Kxh7 36. Bxd4 exd4 37. Kb3) 33... d4 34. Bd2 e4 35. fxe4 {[%emt 0:00:34] [#]} Rxe2 $1 {[%emt 0:01:27][%mdl 576] Deflection} 36. Nxe2 (36. Kb1 Rg2) 36... Qa2+ {[%emt 0:00:10] Black mates.} 37. Kc1 Qa1+ {[%emt 0:00:13][%mdl 64] Skewer} 38. Qb1 d3 {[%emt 0:00:09] Weighted Error Value: White=0.90/Black=0.03 (flawless)} 0-1

[Event "Mongolian Championship Open 2022"]
[Site "Chingis Khentii"]
[Date "2022.05.20"]
[Round "8.4"]
[White "Gan-Erdene, Sugar"]
[Black "Munkhgal, Gombosuren"]
[Result "1/2-1/2"]
[ECO "C18"]
[WhiteElo "2419"]
[BlackElo "2502"]
[Annotator "TA"]
[PlyCount "122"]
[EventDate "2022.05.12"]
[EventType "tourn"]
[EventCountry "MGL"]
[SourceTitle "playchess.com"]
[Source "ChessBase"]
[SourceQuality "1"]
[TimeControl "40/5400+30:1800+30"]

1. e4 e6 2. d4 d5 3. Nc3 Bb4 4. e5 c5 5. a3 Bxc3+ 6. bxc3 Ne7 7. Qg4 O-O 8. Bd3 f5 9. exf6 Rxf6 10. Qh5 h6 $1 {[%emt 0:01:10] 10...h6 is better than 10...g6.} 11. Nf3 {[%emt 0:00:55] C18: French: 3 Nc3 Bb4: Main line: 7 h4 and 7 Qg4.} c4 12. Be2 Nbc6 13. O-O {[%emt 0:01:25] The position is equal.} Bd7 14. Ne5 Rf5 15. Qg4 {[%emt 0:06:16] [#] Bxh6 is the strong threat.} Nxe5 16. dxe5 Kh7 17. Qg3 {[%emt 0:02:39] [#]} Ng6 $146 ({Predecessor:} 17... Ba4 18. Ra2 Rf8 19. f4 Rc8 20. Qh3 d4 21. Bxc4 Rxc4 22. Qd3+ Nf5 23. Qxc4 Bc6 {1-0 (49) Melkumyan,H (2663)-Hevia Alejano,C (2467) Chess.com INT 2020}) 18. f4 Qb6+ 19. Be3 Qb2 (19... Qa5 $14) 20. Bg4 $16 Rff8 (20... Qxc2 $16 21. Rac1 (21. Bxf5 Qxf5 22. a4 Rf8 $16) 21... Qa4 22. Bxf5 exf5) 21. Rab1 $18 Qxc3 22. Bc5 {[%emt 0:10:42] A strong pair of Bishops.} ({White should try} 22. Rxb7 $18 Bc6 23. Rc7 (23. Rxa7 d4 $15)) 22... Qxg3 $14 23. hxg3 b6 24. Bxf8 {[%emt 0:00:05] White is more active.} Rxf8 25. c3 Ne7 26. Bd1 Be8 27. Bg4 Bd7 28. Kf2 Nc6 29. Ke3 Na5 30. Rfd1 Bc8 31. Bf3 g6 (31... Nb7 $16 {was called for.}) 32. g4 $18 Kg7 33. Rh1 Nb7 34. Rh2 {[%emt 0:01:05] And now Rbh1 would win.} Nd8 35. Rbh1 Nf7 36. Kd4 Bd7 37. Bd1 Rg8 38. Bc2 Kf8 39. g3 Be8 40. Rh3 Bd7 41. R3h2 Be8 $1 42. a4 h5 43. Rf1 ({Resist} 43. gxh5 $6 gxh5 44. Rh3 (44. Rxh5 Rxg3 45. a5 Bd7 $16) 44... Ke7 $16) 43... Nh6 {[%emt 0:02:56] [#]} 44. g5 Nf7 45. g4 hxg4 46. Rg1 Nd8 47. Rxg4 Nc6+ 48. Ke3 Ne7 49. Rgh4 a5 50. Rh1 Bf7 51. Rb1 Nc8 52. Rh6 Kg7 53. Rbh1 Ne7 54. Rh7+ Kf8 55. Rb1 Nc8 56. Rb2 Rg7 57. Rh8+ Rg8 58. Rh1 Kg7 {[%emt 0:00:16] White is clearly better.} 59. Bd1 Rh8 60. Rxh8 Kxh8 61. f5 gxf5 {[%emt 0:29:12] Weighted Error Value: White=0.15 (very precise) /Black=0.11 (very precise)} 1/2-1/2

[Event "Mongolian Championship Open 2022"]
[Site "Chingis Khentii"]
[Date "2022.05.20"]
[Round "8.5"]
[White "Gundavaa, Bayarsaikhan"]
[Black "Amilal Munkhdalai"]
[Result "1/2-1/2"]
[ECO "B48"]
[WhiteElo "2495"]
[BlackElo "2033"]
[Annotator "TA"]
[PlyCount "87"]
[EventDate "2022.05.12"]
[EventType "tourn"]
[EventCountry "MGL"]
[SourceTitle "playchess.com"]
[Source "ChessBase"]
[SourceQuality "1"]
[TimeControl "40/5400+30:1800+30"]

1. e4 c5 2. Nf3 Nc6 3. d4 cxd4 4. Nxd4 Qc7 5. Nc3 e6 6. Be3 a6 7. Qf3 {[%emt 0:00:15] B48: Sicilian: Taimanov: 5 Nc3 Qc7 6 Be3 a6 without Be2.} Nf6 8. O-O-O Be7 9. Be2 {[%emt 0:02:36] White is slightly better.} O-O {[%emt 0:12:07] 9...d6 might become the main line.} 10. Qg3 (10. Nxc6 {is more complex.} bxc6 11. Qg3 d6 12. Bh6) 10... Qxg3 11. hxg3 ({Don't play} 11. fxg3 b5 $11) 11... b5 {[%emt 0:02:01] [#]} 12. g4 $146 ({Predecessor:} 12. Nxc6 dxc6 13. g4 e5 14. g5 Ng4 15. Bxg4 Bxg4 16. f3 Be6 17. Rh5 f5 18. Rdh1 {1-0 (32) Arenas Vanegas,D (2463)-Panesso Rivera,H (2361) Medellin 2019}) 12... Nxd4 13. Rxd4 d6 14. f3 (14. g5 $5 Nd7 15. a4 $14) 14... Bb7 15. g5 Nd7 16. a4 Bc6 17. b3 Rfb8 (17... Rfc8 {looks sharper.} 18. axb5 axb5 19. Kb2 b4) 18. Rhd1 b4 (18... Ne5 $11 {remains equal.}) 19. Rxd6 $16 Bxd6 20. Rxd6 Rc8 21. Nb1 {[%emt 0:01:55][%mdl 1024] White has strong compensation.} Kf8 22. Nd2 Ke7 23. Nc4 a5 24. Kb2 {[%emt 0:01:09] 0x0.000a5a986631dp-1022s more active pieces.} ({White should try} 24. Rd1 $16) 24... Ne5 $1 $11 {[%emt 0:02:28] And now ...Nxc4+ would win.} 25. Rd1 Nxc4+ 26. Bxc4 Bxa4 27. Bd4 {[%emt 0:00:03] [#]} (27. Rh1 $1 $11) 27... f6 28. gxf6+ gxf6 29. Rh1 Be8 30. Rxh7+ Bf7 31. e5 fxe5 32. Bxe5 Rc5 33. f4 Rg8 34. Rh2 Rg4 35. Be2 {[%emt 0:01:02] A strong pair of Bishops.} Rg3 {[%emt 0:00:27] ...Bg6 is the strong threat.} 36. Bf3 (36. Bd4 $11 {keeps the balance.} Rd5 37. Bf2) 36... Bg6 $17 37. c3 bxc3+ 38. Bxc3 {[%emt 0:00:01] [#]} Bf5 (38... Be4 $1 $17 39. b4 (39. Be1 $2 Rc2+ 40. Ka3 Rxf3 $19) 39... Rc4) 39. Rh8 $11 {[%emt 0:00:44] The position is equal.} Rxc3 40. Kxc3 Be4 $1 41. Rh5 Bxf3 42. gxf3 Rxf3+ 43. Kc2 Rxf4 44. Rxa5 {[%emt 0:00:04] Weighted Error Value: White=0.22 (precise) /Black=0.20 (precise)} 1/2-1/2

[Event "Mongolian Championship Open 2022"]
[Site "Chingis Khentii"]
[Date "2022.05.20"]
[Round "8.6"]
[White "Amartuvshin, Ganzorig"]
[Black "Enkhnar, Enkhbaatar"]
[Result "1-0"]
[ECO "D46"]
[WhiteElo "2350"]
[BlackElo "2368"]
[Annotator "TA"]
[PlyCount "79"]
[EventDate "2022.05.12"]
[EventType "tourn"]
[EventCountry "MGL"]
[SourceTitle "playchess.com"]
[Source "ChessBase"]
[SourceQuality "1"]
[TimeControl "40/5400+30:1800+30"]

1. d4 Nf6 2. c4 e6 3. Nf3 d5 4. Nc3 c6 5. e3 Nbd7 6. Qc2 Bd6 7. Bd3 O-O 8. O-O dxc4 9. Bxc4 e5 10. h3 Qc7 {[%emt 0:11:31] D46: Semi-Slav: 5 e3 Nbd7 6 Bd3, Black avoids the Meran.} 11. e4 exd4 12. Nxd4 {[%emt 0:00:15] [#]} Bf4 $146 (12... b5 $11 13. Bd3 Nc5) ({Predecessor:} 12... Ne5 13. Be2 Ng6 14. Bg5 Be7 15. Qc1 h6 16. Be3 Bd7 17. f4 Rac8 18. e5 Nd5 19. Nxd5 cxd5 20. Qxc7 Rxc7 {½-½ (47) Nickl,K (2139)-Mai,H (1944) Sibenik 2014}) 13. Bxf4 Qxf4 14. Nde2 Qg5 15. Bb3 Nb6 16. f4 Qc5+ 17. Kh1 Be6 18. Bxe6 fxe6 19. Qb3 Qc4 20. Qxc4 Nxc4 21. e5 Nd5 22. Ne4 Nxb2 23. Rab1 Nc4 24. g3 {[%emt 0:00:00][%mdl 1024] White has compensation.} Rf7 25. Rfd1 Re7 26. Rbc1 Ncb6 27. Nc5 Rb8 28. Nd4 Kf7 29. a4 (29. Rd3 $14) 29... Ne3 30. Rd3 Ned5 (30... Rd8 $11) 31. a5 $16 Nd7 32. Ne4 {[%emt 0:00:00] White is much more active.} (32. Ndxe6 $142 $1 Nxc5 33. Nxc5) 32... Nf8 (32... a6 $16) 33. Rb3 $18 {[%emt 0:00:38][%cal Od4c6] Nxc6! is the strong threat.} Rc7 {[%emt 0:04:56] [#]} (33... Kg8 $142 34. Rxc6 Rd8) 34. a6 (34. Rxc6 $3 $18 {[%mdl 512] has better winning chances.} Rd7 35. Nc5) 34... Kg6 $2 {[%emt 0:02:34][%mdl 8192] [#] Black cannot hold the game after this.} (34... b6 $16 35. Nxc6 (35. Rxc6 Rxc6 36. Nxc6 Ra8 $16) 35... Kg8) 35. Rxc6 $3 {[%emt 0:00:56][%mdl 576] Pin. White is clearly winning.} b5 (35... bxc6 36. Rxb8) 36. f5+ Kh6 37. fxe6 Rxc6 38. Nxc6 Re8 39. e7 Nxe7 40. Nd6 {[%emt 0:00:00] Weighted Error Value: White=0.21 (precise) /Black=0.58} 1-0

[Event "Mongolian Championship Open 2022"]
[Site "Chingis Khentii"]
[Date "2022.05.21"]
[Round "9.1"]
[White "Bilguun, Sumiya"]
[Black "Boldoo, Erdenepurev"]
[Result "1-0"]
[ECO "B23"]
[WhiteElo "2454"]
[BlackElo "2371"]
[Annotator "TA"]
[PlyCount "85"]
[EventDate "2022.05.12"]
[EventType "tourn"]
[EventCountry "MGL"]
[SourceTitle "playchess.com"]
[Source "ChessBase"]
[SourceQuality "1"]
[TimeControl "40/5400+30:1800+30"]

1. e4 c5 2. Nc3 e6 3. f4 d5 4. Nf3 d4 5. Bb5+ Bd7 6. Bxd7+ $1 {[%emt 0:00:06] B23: Closed Sicilian: Lines without g3.} Qxd7 7. Ne5 Qc7 {[%emt 0:04:31] [#]} 8. Ne2 $146 {[%emt 0:03:41] White has an edge.} (8. Nb5 $5 Qd8 9. a4 $11 (9. Qh5 g6 $11)) ({Predecessor:} 8. Nb5 Qa5 9. a4 a6 10. b4 Qd8 11. Na3 cxb4 12. Nac4 Ne7 13. d3 Nbc6 14. O-O {0-1 (44) Budzinski,J (1881)-Gromczak,D (2052) Polanica Zdroj 2010}) 8... Nc6 9. Nf3 Be7 10. d3 Nf6 11. O-O O-O 12. Ng3 b5 13. Qe2 Rac8 14. Bd2 c4 15. e5 Nd5 16. f5 c3 17. bxc3 dxc3 18. Bc1 Bc5+ 19. Kh1 exf5 {[%emt 0:00:45] Threatens to win with ...g6.} 20. Nxf5 Nde7 {[%emt 0:01:58] [#]} (20... f6 $5 ) 21. Nxe7+ (21. Nxg7 $1 $14 Kxg7 22. d4 Bxd4 23. Nxd4 Nxd4 24. Qg4+ Ng6 25. Qxd4) 21... Qxe7 $11 22. Qe4 Qe6 23. d4 Qc4 24. Be3 {[%emt 0:02:25] Ng5 is the strong threat.} f5 (24... Be7 $15) 25. exf6 $1 Rxf6 26. Bg1 $40 {[%emt 0:11:43][%mdl 128] aiming for Rae1. White is up to no good.} Rcf8 {[%emt 0:03:57] [#]} (26... Ba3 $11) 27. Ng5 $1 $16 Rg6 {[%emt 0:03:27] [#]} 28. dxc5 $1 {[%emt 0:24:15] Intending Rxf8+ and mate. Really sharp!} Rxf1 29. Qxc4+ {[%emt 0:00:26][%mdl 64] Remove Defender} bxc4 30. Rxf1 Rxg5 {[%emt 0:00:02][%mdl 4096] Endgame [#] KRB-KRN} 31. Rf3 (31. Rf4 $1 $16) 31... Rd5 (31... Re5 $11 {keeps the balance.}) 32. Rxc3 Kf7 33. Rxc4 Rd2 34. h3 Ke6 35. a3 g6 36. Kh2 Kd5 37. Rc3 a5 ({Better is} 37... Ne5) 38. Kg3 a4 {[%emt 0:01:49] [#]} (38... Ke4 $16 {might work better.} 39. Re3+ Kf5) 39. Be3 $1 $18 Rd1 40. Kf2 {[%emt 0:00:00] Hoping for Ke2.} Ra1 $2 (40... Na7 $16 {was necessary.}) 41. Rd3+ Kc4 42. Rd6 Kb5 (42... Ne7 $142 43. c6 Ra2) 43. c4+ {[%emt 0:00:07] Weighted Error Value: White=0.12 (very precise) /Black=0.36} 1-0

[Event "Mongolian Championship Open 2022"]
[Site "Chingis Khentii"]
[Date "2022.05.21"]
[Round "9.2"]
[White "Batsuren, Dambasuren"]
[Black "Battulga, Namkhai"]
[Result "1/2-1/2"]
[ECO "D11"]
[WhiteElo "2501"]
[BlackElo "2402"]
[Annotator "TA"]
[PlyCount "94"]
[EventDate "2022.05.12"]
[EventType "tourn"]
[EventCountry "MGL"]
[SourceTitle "playchess.com"]
[Source "ChessBase"]
[SourceQuality "1"]
[TimeControl "40/5400+30:1800+30"]

1. d4 d5 2. c4 c6 3. Nf3 Nf6 4. Qb3 a6 5. Bg5 Ne4 6. Bf4 {[%emt 0:00:27] [#] D11: Slav Defence: 3 Nf3 sidelines and 3...Nf6 4 e3 Bg4.} b5 $146 ({Predecessor:} 6... g5 7. Be5 Rg8 8. e3 e6 9. Nc3 Qa5 10. h3 Nd7 11. Bh2 Ndf6 12. Ne5 Nxc3 13. bxc3 {0-1 (28) Semcesen,D (2437)-Blomqvist,E (2487) Sunne 2015}) 7. cxd5 cxd5 8. e3 Nc6 9. Bd3 $1 Bf5 10. O-O Na5 11. Qc2 Rc8 {[%emt 0:00:41] Prevents Bc7.} 12. Qe2 f6 {[%emt 0:25:27] Prevents Ne5.} (12... e6 $11) 13. Nbd2 (13. Nh4 $14 Be6 14. f3) 13... Nc4 14. Rfc1 g5 {[%emt 0:14:47] Prevents Nh4.} 15. Bg3 e6 16. b3 (16. Bxe4 $14 dxe4 17. Ne1) 16... Ncxd2 17. Nxd2 Nc3 ({Better is} 17... Ba3 $1 $11 18. Rxc8 Qxc8 19. Nxe4 dxe4) 18. Qh5+ $14 Ke7 (18... Kd7 $1 $14 19. Bxf5 exf5) 19. Bxf5 $16 exf5 {[%emt 0:00:05] [#]} 20. Kh1 (20. Nc4 $1 $16 {[%cal Rc4d6][%mdl 512] Hoping for Nd6.} Qe8 21. Bd6+ Ke6 22. Qxe8+ Rxe8 23. Rxc3) 20... Ke6 $11 21. f3 {[%emt 0:10:11][%cal Oe3e4] Threatens to win with e4!} Ba3 $1 22. Re1 (22. Rf1 $1 $11 {and White stays safe.}) 22... Qe8 $1 $19 23. Qh3 {[%emt 0:00:08] [#]} Kf7 ({Black should play} 23... Bb2 $1 $17 24. e4 Kd7 25. Qxf5+ Qe6 26. Qxe6+ Kxe6 27. exd5+ Kxd5) 24. e4 dxe4 (24... fxe4 $17 {...e3 is the strong threat.} 25. fxe4 dxe4) 25. Qxf5 $11 Qe6 $132 {[%emt 0:00:51][%mdl 2048] Black is fighting back} 26. Qxe6+ ({Wrong is} 26. fxe4 $2 Qxf5 27. exf5 Bb2 $19) 26... Kxe6 27. Nxe4 (27. fxe4 $2 Bb2 28. d5+ Kd7 $19) 27... Kf7 28. Nxc3 (28. h4 {is interesting.} h6 29. Nd6+ Bxd6 30. Bxd6 gxh4 31. Kh2) 28... Rxc3 29. d5 Rd8 30. Rad1 Rc2 31. d6 Rd7 32. Rd3 Rxa2 33. Rc3 {[%emt 0:01:19] Inhibits Rc2.} (33. h4 $11 {keeps the balance.}) 33... Kg6 (33... Bxd6 $17 {aiming for ...Bb4.} 34. Rd3 {[#]} Re7 $1 35. Rxd6 Rxe1+ 36. Bxe1 Ra1) 34. Rc7 (34. Rd1 $11) 34... Rd8 $1 $15 {[%emt 0:00:54] Strongly threatening ...Bb4.} 35. Rc6 a5 36. Rd1 {[%emt 0:00:28] Inhibits Rd2. The position is equal.} a4 37. bxa4 bxa4 38. h3 Bb2 $1 39. Rd2 Ra1+ 40. Kh2 a3 41. d7 {[%emt 0:05:21] Black must now prevent Rc8.} Rc1 42. Rxc1 Bxc1 $11 {[%emt 0:00:02] KRB-KRB} 43. Rd1 Bb2 44. Bc7 Rxd7 45. Rxd7 a2 46. Rd1 a1=Q 47. Rxa1 Bxa1 {[%emt 0:00:05] Weighted Error Value: White=0.23 (precise) /Black=0.15 (very precise)} 1/2-1/2

[Event "Mongolian Championship Open 2022"]
[Site "Chingis Khentii"]
[Date "2022.05.21"]
[Round "9.3"]
[White "Agibileg, Uurtsaikh"]
[Black "Gundavaa, Bayarsaikhan"]
[Result "1/2-1/2"]
[ECO "D17"]
[WhiteElo "2440"]
[BlackElo "2495"]
[Annotator "TA"]
[PlyCount "142"]
[EventDate "2022.05.12"]
[EventType "tourn"]
[EventCountry "MGL"]
[SourceTitle "playchess.com"]
[Source "ChessBase"]
[SourceQuality "1"]
[TimeControl "40/5400+30:1800+30"]

1. d4 {[%emt 0:00:06] Mikhalchishin,Adrian} d5 2. c4 c6 3. Nf3 Nf6 4. Nc3 dxc4 5. a4 Bf5 6. Ne5 Nbd7 7. Nxc4 Nb6 8. Ne5 a5 9. h4 {[%emt 0:00:14] D17: Slav Defence: 5 a4 Bf5: Lines with 6 Nh4 and 6 Ne5.} Nbd7 {[%emt 0:06:52] [#]} 10. e4 $146 ({Better is} 10. Qb3 $1 $14 Nxe5 11. dxe5) ({Predecessor:} 10. Qb3 Nxe5 11. dxe5 Nd7 12. e4 Be6 13. Qxb7 Nxe5 14. Bf4 Rb8 15. Qa6 Ra8 16. Qe2 Qb8 17. h5 Nd3+ 18. Qxd3 Qxf4 19. g3 Qd6 20. Qe3 Qb4 21. Bg2 Bc4 22. e5 {1-0 (22) Korobov,A (2687)-Solak,D (2607) Jerusalem 2015 CBM 166 [Mikhalchishin,Adrian]}) 10... Bxe4 $11 11. Nxe4 (11. Qb3 $1 $11 e6 12. Qxb7 (12. Nxe4 Nxe4 13. Nd3 Qb6 $17)) 11... Nxe4 $17 12. Qf3 Nxe5 13. Qxe4 Nd7 14. Bc4 e6 15. O-O Nf6 16. Qd3 Be7 17. Rd1 Nd5 18. h5 h6 19. Qg3 Bf6 20. Ra3 Qd7 21. Rb3 Nb4 22. Bf4 O-O-O $1 (22... Bxd4 $6 23. Bd6 Bf6 24. Be2 $11) 23. d5 (23. Be5 $142) 23... exd5 24. Be2 {[%emt 0:00:33] Threatens to win with Bg4.} Bg5 $1 25. Be5 f5 26. Rxb4 $2 (26. Bd3) 26... axb4 $19 27. a5 Be7 (27... Rhe8 $19 {is more deadly.} 28. a6 b6) 28. a6 $17 Bd6 $1 (28... Bc5 $6 29. Ra1 Qe7 30. a7 $11) 29. Bd3 (29. a7 $2 Kc7 30. Bd3 Rhe8 31. Bxf5 Bxe5 $19) (29. Bxd6 $17 Qxd6 30. Qxg7) 29... Bxe5 30. Qxe5 {[%emt 0:00:11] a7 would kill now.} Rhe8 31. Qd4 Kc7 (31... Kb8 $19 32. Qxb4 Re5 33. axb7 Qxb7) 32. Qxb4 $2 (32. axb7 $17 {is the only way for White.} Rb8 33. Qxb4) 32... b6 $19 (32... Kb8 33. Bxf5 Qe7 34. Qb6 $15) 33. Rc1 Qd6 34. Qa4 Re7 35. b4 Rde8 36. a7 Ra8 $2 (36... Re1+ 37. Rxe1 Rxe1+ 38. Bf1 $18) (36... Kb7 $1 $19 {aiming for ...Re1+.} 37. Qa6+ Ka8 38. Qxb6 Rb7) 37. Bb5 $17 Kd8 $1 38. Rxc6 Qe5 39. Qa6 Rexa7 40. Qxb6+ Ke7 41. g3 f4 {[%emt 0:08:56] ( -> ...Ra1+)} 42. Qc5+ Kf7 43. Bd3 Ra1+ (43... fxg3 44. Bg6+ Kg8 45. Rc8+) 44. Kg2 f3+ (44... fxg3 {gets mated.} 45. Bg6+ Kg8 46. Rc8+) 45. Kxf3 {[%emt 0:00:06] White wants to mate with Bg6+.} Qxh5+ $40 {[%emt 0:00:03][%mdl 128] Black is out for blood.} 46. Kf4 g5+ 47. Ke5 Re1+ 48. Kd4 {[%emt 0:01:43] Threatening mate with Rc7+.} Qf3 $1 49. Qc2 ({White must play} 49. Rc7+ $15 Kg8 50. Rc8+ (50. Qxd5+ $2 Qxd5+ 51. Kxd5 Rd8+ 52. Kc5 Rxd3 $19) 50... Rxc8 51. Qxc8+ Kg7 52. Qd7+ Qf7 53. Qxf7+ Kxf7 54. Kxd5) 49... Rae8 50. Kc5 R8e6 51. b5 Qf6 $1 52. Rc7+ Re7 $1 53. b6 (53. Rc6 R1e6 54. Bf5 Rxc6+ 55. bxc6) 53... R1e6 $19 54. Rxe7+ (54. Bb5 Rxc7+ 55. bxc7 Qe7+ 56. Kd4 Re4+ 57. Kxd5 Re5+ 58. Kd4 Qd6+ 59. Kc3 Rc5+ 60. Bc4+ Kg7 61. Qd3 Qe5+ 62. Qd4) 54... Qxe7+ {[%emt 0:00:54][%mdl 4096] Endgame KQR-KQB} 55. Kb5 Qd7+ 56. Ka5 {[%emt 0:00:15] Hoping for Bf5.} Qd6 $1 57. Qb2 (57. Qb1 $142 h5 58. Bf5) 57... Qc5+ ({And not} 57... d4 58. Bc4 Qc5+ 59. Qb5 Qa3+ 60. Qa4 Qc5+ 61. Qb5 Qa3+ 62. Qa4 Qc5+ 63. Qb5 $11) 58. Ka6 h5 59. Qb1 {[%emt 0:02:41] [#]} Rxb6+ $3 60. Qxb6 Qa3+ 61. Kb7 Qxd3 {[%emt 0:00:03] KQ-KQ} 62. Qc7+ Ke6 $2 (62... Kf6 $19 63. Qd8+ Kf5 64. Qd7+ Ke5) 63. Qc8+ $1 $11 Ke5 64. Qe8+ $2 {[%emt 0:01:01][%mdl 8192] [#]} (64. Qh8+ $11 {and White is okay.} Ke4 65. Qh7+ Kd4 66. Qxh5) 64... Kd4 $1 $19 {[%emt 0:00:48] White must now prevent ...h4.} 65. Qxh5 {[%emt 0:00:09] [#]} Qb3+ $2 ({Black should play} 65... Kc3 $1 $19 66. Qxg5 d4) 66. Kc6 $11 {[%emt 0:00:17] Qg4+ is the strong threat. The position is equal.} Qc2+ 67. Kd6 Qxf2 68. Qg4+ Kd3 {[%emt 0:01:07] And now ...d4 would win.} 69. Kxd5 Qe3 70. Qd1+ Kc3 71. g4 Qf4 {[%emt 0:01:47] Weighted Error Value: White=0.44/Black=0.21 (precise)} 1/2-1/2